 Dungeon Crawl Stone Soup version 0.17.0-24-gcfadda4 (webtiles) character file.

198 M4edhros the Sneak (level 5, -1/33 HPs)
             Began as an Octopode Artificer on Nov 17, 2015.
             Slain by an adder skeleton (4 damage)
             ... on level 4 of the Dungeon.
             The game lasted 00:03:41 (1435 turns).

M4edhros the Sneak (Octopode Artificer)             Turns: 1435, Time: 00:03:41

Health: -1/33      AC:  1    Str: 10    XL:     5   Next: 76%
Magic:  9/9        EV: 12    Int: 14    God:
Gold:   57         SH:  0    Dex: 14    Spells: 0 memorised, 4 levels left

rFire  . . .     SeeInvis .     a - +0 short sword
rCold  . . .     Clarity  .     (no shield)
rNeg   . . .     SustAt   .     (helmet restricted)
rPois  .         Gourm    .     (no amulet)
rElec  .         Spirit   .     (no ring)
rCorr  .         Warding  .     (no ring)
rMut   .         Stasis   .     (no ring)
MR     .....                    (no ring)
Stlth  ++........               (no ring)
                                (no ring)
                                (no ring)
                                (no ring)

@: confused, not resistant to hostile enchantments, unstealthy
A: almost no armour, amphibious, 8 rings, constrict 8, camouflage 1, gelatinous
body 1
a: no special abilities


You were on level 4 of the Dungeon.
You were hungry.

You visited 1 branch of the dungeon, and saw 4 of its levels.

You collected 57 gold pieces.

Inventory:

Hand Weapons
 a - a +0 short sword (weapon)
Missiles
 i - 2 stones (quivered)
 j - 11 sling bullets
Wands
 b - a wand of flame (12)
 c - a wand of enslavement (10)
 d - a wand of random effects (8)
Scrolls
 g - a scroll of recharging {unknown}
 l - a scroll of noise
 m - 2 scrolls of enchant weapon
Books
 f - a Necronomicon

   Spells                             Type                      Level
   a - Haunt                          Necromancy/Summoning         7
   b - Borgnjor's Revivification      Necromancy                   8
   c - Death's Door                   Charms/Necromancy            8
   d - Necromutation                  Transmutation/Necromancy     8
Comestibles
 e - 4 bread rations
 k - a beef jerky


   Skills:
 - Level 1.0 Fighting
 - Level 1.0 Short Blades
 - Level 2.0 Dodging
 + Level 5.5 Stealth
 + Level 5.4 Evocations


You had 4 spell levels left.
You didn't know any spells.

Dungeon Overview and Level Annotations

Branches:
Dungeon (4/15)
 Temple: D:4-7

Altars:

Annotations:
D:4 Robin


Innate Abilities, Weirdness & Mutations

You cannot wear most types of armour.
You are amphibious.
You can wear up to eight rings at the same time.
You can use your tentacles to constrict eight enemies at once.
Your skin changes colour to match your surroundings (Stealth).
Your rubbery body absorbs attacks (AC +1).


Message History

Your orc closely misses the goblin.
The goblin closely misses you. The adder skeleton barely misses you.
The goblin closely misses you.
Evoke which item? (* to show all) (? for menu, Esc to quit)
Zapping:
c - a wand of enslavement (12)
Press: ? - help, Shift-Dir - straight line, f - goblin, p - orc
Aim: a goblin, wielding a dagger (chance to defeat MR: 86%) Nothing appears to happen.
This wand has 11 charges left.
The adder skeleton barely misses you. The goblin hits you with a dagger.
* * * LOW HITPOINT WARNING * * *
Your orc hits the goblin from afar with a trident.
The goblin dies!
The orc wizard gestures wildly while chanting.
The orc wizard seems to speed up.
The goblin completely misses you.
Evoke which item? (* to show all) (? for menu, Esc to quit)
Zapping:
c - a wand of enslavement (11)
Press: ? - help, Shift-Dir - straight line, f - orc, p - orc
Aim: an orc, wielding a dagger and wearing a leather armour (chance to defeat MR: 86%) Nothing appears to happen.
This wand has 10 charges left.
The goblin barely misses you. The adder skeleton bites you.
You die...

### #...## #..g.gg..#
....##g#### ########g#
..........# #.#
###.##..#o# ####.# #
##.#.# ##.##g# #.#.#
##...#.#####
#o#.######..........#
.##.#......gg...#.###.##
...........[o@Z.##.##...##
..##.#########o..........#
#.. .....##..#g...# #
####o###.##g#.#
....o.#.##.#.#
###....#.##g#.#
...#....#OZ#.#####
#.....O..g..)....
#.<....#######†##


You could see an ogre, 2 orc wizards, an orc, 2 goblins, an adder skeleton and a
friendly orc.

Vanquished Creatures
  An ogre (D:4)
  A giant frog skeleton (D:4)
  A worker ant (D:4)
  2 adders (D:3)
  An ooze (D:2)
  An adder skeleton (D:4)
  An orc (D:4)
  4 goblins
  5 hobgoblins
  6 jackals
  A quokka (D:2)
  A ball python (D:2)
  2 bats (D:1)
  A giant cockroach (D:3)
  A giant newt (D:1)
  3 kobolds (D:2)
  3 rats
35 creatures vanquished.

Vanquished Creatures (collateral kills)
  A goblin (D:4)
1 creature vanquished.

Vanquished Creatures (others)
  An ogre (D:4)
  2 fungi (D:3)
3 creatures vanquished.

Grand Total: 39 creatures vanquished

Notes
Turn   | Place    | Note
--------------------------------------------------------------
     0 | D:1      | M4edhros the Octopode Artificer began the quest for the Orb.
     0 | D:1      | Reached XP level 1. HP: 13/13 MP: 3/3
   504 | D:1      | Reached XP level 2. HP: 15/18 MP: 4/4
   913 | D:2      | Reached XP level 3. HP: 15/23 MP: 5/5
  1134 | D:3      | Reached skill level 4 in Evocations
  1287 | D:4      | Reached XP level 4. HP: 21/28 MP: 7/7
  1310 | D:4      | Noticed an ogre
  1312 | D:4      | Noticed an ogre
  1332 | D:4      | Killed an ogre
  1332 | D:4      | Reached skill level 5 in Stealth
  1332 | D:4      | Reached skill level 5 in Evocations
  1332 | D:4      | Reached XP level 5. HP: 25/33 MP: 8/8
  1340 | D:4      | Noticed an ogre
  1345 | D:4      | an ogre (ally) was killed
  1374 | D:4      | Noticed Robin
  1435 | D:4      | Slain by an adder skeleton

Action                   |  1- 3 |  4- 6 || total
-------------------------+-------+-------++-------
Melee: Short sword       |    60 |    13 ||    73
Evoke: Wand              |     1 |    14 ||    15
  Use: Scroll            |     4 |       ||     4
       Potion            |       |     2 ||     2
 Stab: Sleeping          |     9 |       ||     9
  Eat: Chunk             |     1 |       ||     1
